 Dungeon Crawl Stone Soup version 0.28.0-43-g3370ac3207 (webtiles) character file.

Game seed: 12919961237639112722

77 adizb the Grave Robber (level 4, 0/35 HPs)
             Began as a Ghoul Necromancer on Mar 5, 2022.
             Was an Initiate of Yredelemnul.
             Slain by a quokka (3 damage)
             ... on level 2 of the Dungeon.
             The game lasted 00:11:29 (1350 turns).

adizb the Grave Robber (Ghoul Necromancer)          Turns: 1350, Time: 00:11:31

Health: 0/35       AC:  2    Str: 11    XL:     4   Next: 34%
Magic:  0/6        EV: 12    Int: 12    God:    Yredelemnul [......]
Gold:   57         SH:  0    Dex:  9    Spells: 3/7 levels left

rFire   . . .      SeeInvis .     - Unarmed
rCold   + . .      Faith    .   (no shield)
rNeg    + + +      Spirit   .   a - +0 robe
rPois   ∞          Reflect  .   (no helmet)
rElec   .          Harm     .   (no cloak)
rCorr   .          Rampage  .   (no gloves)
Will    .....                   (no boots)
Stlth   ++........              (no amulet)
HPRegen 0.00/turn               (no ring)
MPRegen 0.10/turn               (no ring)

@: inhibited regen
A: claws 1, cold resistance 1, negative energy resistance 3, inhibited
regeneration, torment resistance 2
a: Renounce Religion, Recall Undead Harvest


You were on level 2 of the Dungeon.
You worshipped Yredelemnul.
Yredelemnul was noncommittal.
You visited 1 branch of the dungeon, and saw 2 of its levels.

You collected 57 gold pieces.

Inventory:

Armour
 a - a +0 robe (worn)
 e - a +0 leather armour
Magical Staves
 c - a staff of fire
Scrolls
 d - a scroll of enchant armour {unknown}
 g - a scroll of fear {unknown}
Potions
 b - a potion of might {unknown}
 f - a potion of invisibility {unknown}


   Skills:
 - Level 1.0 Fighting
 + Level 2.3 Dodging
 - Level 2.1 Stealth
 - Level 1.0 Unarmed Combat
 + Level 2.2 Spellcasting
 * Level 4.6 Necromancy
 + Level 1.0 Invocations


You had 3 spell levels left.
You knew the following spells:

 Your Spells              Type           Power      Damage    Failure   Level
a - Pain                  Necr           48%        1d6       4%          1
b - Vampiric Draining     Necr           12%        2d6       12%         3

Your spell library contained the following spells:

 Spells                   Type           Power      Damage    Failure   Level
 Animate Skeleton         Necr           24%        N/A       4%          1
 Animate Dead             Necr           6%         N/A       36%         4
 Agony                    Necr           12%        N/A       73%         5


Dungeon Overview and Level Annotations

Branches:
Dungeon (2/15)

Altars:
Yredelemnul


Innate Abilities, Weirdness & Mutations

You thrive by killing the living.
You are immune to poison.
You have sharp fingernails.
Your flesh is cold resistant. (rC+)
You are immune to negative energy. (rN+++)
You do not regenerate when monsters are visible.
You are immune to unholy pain and torment.


Message History

Aim: an adder (heavily wounded, chance to affect: 75%)
The adder writhes in agony.
The adder closely misses you.
Aiming: Pain (safe; 4% risk of failure)
Press: ? - help, Q - select action, (/) - cycle Shift-Dir - straight line, f/p - adder
Aim: an adder (almost dead, chance to affect: 75%)
The adder struggles to resist.
The adder bites you. x2
* * * LOW HITPOINT WARNING * * *
Aiming: Pain (safe; 4% risk of failure)
Press: ? - help, Q - select action, (/) - cycle Shift-Dir - straight line, f/p - adder
Aim: an adder (almost dead, chance to affect: 75%)
The adder struggles to resist.
The adder bites you.
* * * LOW HITPOINT WARNING * * *
The adder bites you but does no damage. The adder closely misses you.
Okay, then.
Aiming: Pain (safe; 4% risk of failure)
Press: ? - help, Q - select action, (/) - cycle Shift-Dir - straight line, f/p - adder
Aim: an adder (almost dead, chance to affect: 75%)
The adder writhes in agony.
You kill the adder!
Your Invocations skill increases to level 1!
The quokka bites you.
* * * LOW HITPOINT WARNING * * *
The quokka closely misses you.
You swap places.
The quokka bites your worm zombie. x2
The quokka twitches its whiskers.
The quokka bites your worm zombie.
Your worm zombie bites the quokka.
The quokka bites your worm zombie. The quokka bites your worm zombie.
Your worm zombie is destroyed!
Aiming: Pain (safe; 4% risk of failure)
Press: ? - help, Q - select action, (/) - cycle Shift-Dir - straight line, f - quokka
Aim: a quokka (heavily wounded, chance to affect: 81%)
The quokka writhes in agony.
The quokka bites you.
You die...
Yredelemnul claims you as an undead slave.

#.# #.## #^.# ##.#
## #.# .. #.# #.
#.# #. #r# ####.
#@# #.ZZ. #.#
###Z#.# #.#
#...#.Z #.#
#.##### #.#
#ZZ.#.. #.#
###.#.# #.# #...#
#.# ##.#.#
#.###########.###.


You could see a quokka.

Vanquished Creatures
  An adder (D:2)
  A worm (D:2)
  A dart slug (D:1)
  5 endoplasms (D:1)
  4 giant cockroaches
  A goblin (D:1)
  3 hobgoblins
  A kobold (D:1)
  2 quokkas (D:1)
  5 ball pythons
  3 bats
  2 frilled lizards (D:1)
  2 rats
31 creatures vanquished.

Vanquished Creatures (collateral kills)
  A hound skeleton (D:2)
  2 dart slugs
  A giant cockroach (D:2)
  4 jackals (D:1)
  2 bats (D:1)
  A frilled lizard (D:1)
  2 goblins (D:1)
13 creatures vanquished.

Vanquished Creatures (others)
  A worm zombie (D:2)
  3 bat zombies (D:1)
  A ball python zombie (D:2)
  3 giant cockroach zombies
  A hobgoblin zombie (D:2)
  A rat zombie (D:2)
10 creatures vanquished.

Grand Total: 54 creatures vanquished

Notes
Turn   | Place    | Note
-------+----------+-------------------------------------------
     0 | D:1      | adizb the Ghoul Necromancer began the quest for the Orb.
     0 | D:1      | Reached XP level 1. HP: 14/14 MP: 2/2
   134 | D:1      | Reached XP level 2. HP: 14/22 MP: 1/3
   175 | D:1      | Found a faded altar of an unknown god.
   210 | D:1      | Prayed at the altar of an unknown god.
   210 | D:1      | Became a worshipper of Yredelemnul the Dark
   210 | D:1      | Reached * piety under Yredelemnul
   231 | D:1      | Reached skill level 1 in Unarmed Combat
   327 | D:1      | Reached XP level 3. HP: 27/27 MP: 2/5
   338 | D:1      | Reached skill level 1 in Fighting
   346 | D:1      | Reached ** piety under Yredelemnul
  1021 | D:2      | Learned a level 3 spell: Vampiric Draining
  1294 | D:2      | Reached XP level 4. HP: 16/35 MP: 6/6
  1335 | D:2      | Reached skill level 1 in Invocations
  1350 | D:2      | Slain by a quokka

Illustrated notes

Levels and vault maps discovered:
D:1:      dpeg_arrival_oval, layout_loops_ring,
          hellmonk_ecumenical_altar_zigzags, minmay_crystal_water
D:2:      layout_loops_ring, minmay_statues_item, hangedman_decor_riveting

Skill      XL: |  1  2  3  4 |
---------------+-------------+-----
Dodging        | 2 |  2.3
Spellcasting   | 2 |  2.2
Unarmed Combat | 1 |  1.0
Fighting       | 1 |  1.0
Invocations    | 1 |  1.0
Stealth        | |  2.1
Necromancy     | |  4.6

Action                   |  1- 3 |  4- 6 || total
-------------------------+-------+-------++-------
Melee: Unarmed           |    68 |       ||    68
 Cast: Pain              |    40 |     8 ||    48
 Stab: Distracted        |     1 |       ||     1
Armor: Robe              |    15 |     1 ||    16
Dodge: Dodged            |    57 |     3 ||    60
